 Dungeon Crawl Stone Soup version 0.24-a0-640-ge7cd8ce796 (webtiles) character file.

Game seed: 15529994088319828937, levelgen mode: deterministic

375 Kohma the Slasher (level 6, 0/55 HPs)
             Began as a Deep Dwarf Fighter on Sept 24, 2019.
             Slain by a gnoll
             ... wielding a +0 halberd of protection
              (10 damage)
             ... on level 6 of the Dungeon.
             The game lasted 00:10:53 (2191 turns).

Kohma the Slasher (Deep Dwarf Fighter)              Turns: 2191, Time: 00:10:53

Health: 0/55       AC: 13    Str: 21    XL:     6   Next: 44%
Magic:  6/6        EV:  5    Int:  9    God:
Gold:   116        SH: 10    Dex: 12    Spells: 5/5 levels left

rFire    . . .     SeeInvis .   a - +0 long sword
rCold    . . .     Gourm    .   c - +0 shield
rNeg     . . .     Faith    .   h - +0 chain mail
rPois    .         Spirit   .   o - +0 helmet
rElec    .         Reflect  .   (no cloak)
rCorr    .         Harm     .   (no gloves)
MR       .....                  (no boots)
Stlth    ..........             (no amulet)
HPRegen  0.00/turn              g - +2 ring of protection
MPRegen  0.10/turn              (no ring)

@: non-regenerating
A: damage resistance, heal wounds, sense surroundings 1, no regeneration
a: Heal Wounds


You were on level 6 of the Dungeon.
You were hungry.

You visited 1 branch of the dungeon, and saw 5 of its levels.

You collected 116 gold pieces.

Inventory:

Hand Weapons
 a - a +0 long sword (weapon)
 n - a +5 whip
Missiles
 j - 56 stones (quivered)
Armour
 b - a +0 scale mail
 c - a +0 shield (worn)
 h - a +0 chain mail (worn)
 o - a +0 helmet (worn)
Jewellery
 g - a +2 ring of protection (left hand)
Wands
 l - a wand of paralysis (13)
Scrolls
 e - 3 scrolls of teleportation
 i - 2 scrolls of amnesia {unknown}
 k - a scroll of enchant weapon {unknown}
 q - a scroll of remove curse
 r - a scroll of identify
Potions
 d - 3 potions of might
 m - a potion of magic
Comestibles
 f - 5 rations
 p - 4 chunks of flesh


   Skills:
 - Level 2.6 Fighting
 * Level 5.0 Long Blades
 + Level 4.9 Armour
 + Level 4.9 Shields


You had 5 spell levels left.
You didn't know any spells.
Your spell library was empty.

Dungeon Overview and Level Annotations

Branches:
Dungeon (6/15)
 Temple: D:4-7

Altars:


Innate Abilities, Weirdness & Mutations

You are resistant to damage.
You can heal yourself by infusing magical energy.
You passively map a small area around you.
You do not regenerate.


Message History

The hound is heavily wounded.
The hound bites you but does no damage. x2; You block the gnoll's attack.
You hit the hound.
The hound is almost dead.
The hound closely misses you. The hound bites you but does no damage.
The gnoll hits you but does no damage.
You closely miss the hound.
The hound is almost dead.
The hound bites you.
* * * LOW HITPOINT WARNING * * *
You block the hound's attack. The gnoll hits you but does no damage.
You slash the hound!
You kill the hound!
Your Long Blades skill increases to level 5!
You block the gnoll's attack. The gnoll hits you but does no damage.
You hit the gnoll.
The gnoll is moderately wounded.
The gnoll hits you with a +0 halberd of protection!
You die...

#.###.#.......
*
#.##.....#..#.
,
#.##..#.##..#
*
#.##.........
#.......#####
####.#### *
#.# * * * ,
####.### , , *
#....@.#
#[#.##g# * #
#.##.#* * #
#..#.# ,,
#.##.#.# , *
#....).# *
####)### #.# *
## , * ###
###########.#
* .. ,, * *


You could see a gnoll.

Vanquished Creatures
  A scorpion (D:6)
  A hound (D:6)
  Terence (D:2)
  2 worker ants (D:6)
  Natasha (twice) (D:2)
  An iguana (D:6)
  6 gnolls
  2 adders (D:2)
  2 oozes
  5 worms (D:2)
  2 dart slugs (D:1)
  3 leopard geckos
  An orc (D:6)
  A ball python (D:1)
  4 giant cockroaches
  2 goblins
  6 hobgoblins
  2 jackals (D:1)
  3 bats
  A frilled lizard (D:1)
  4 kobolds (D:1)
52 creatures vanquished.

Notes
Turn   | Place    | Note
-------+----------+-------------------------------------------
     0 | D:1      | Kohma the Deep Dwarf Fighter began the quest for the Orb.
     0 | D:1      | Reached XP level 1. HP: 20/20 MP: 1/1
    83 | D:1      | Reached XP level 2. HP: 25/27 MP: 2/2
   798 | D:1      | Reached XP level 3. HP: 30/33 MP: 3/3
   975 | D:1      | Reached skill level 3 in Long Blades
   975 | D:1      | HP: 1/33 [gnoll/+0 flail (3)]
  1124 | D:2      | Noticed Natasha
  1145 | D:2      | Killed Natasha
  1145 | D:2      | Reached XP level 4. HP: 14/40 MP: 4/4
  1182 | D:2      | Found a faded altar of an unknown god.
  1252 | D:2      | Noticed Terence
  1272 | D:2      | Killed Terence
  1424 | D:2      | Noticed Natasha
  1437 | D:2      | HP: 1/40 [worm (7)]
  1438 | D:2      | Killed Natasha
  1438 | D:2      | Reached skill level 4 in Long Blades
  1438 | D:2      | Reached XP level 5. HP: 1/46 MP: 5/5
  1991 | D:3      | You fall into a shaft and drop 3 floors!
  2038 | D:5      | Entered Level 5 of the Dungeon
  2039 | D:5      | Noticed a phantom
  2059 | D:6      | Reached XP level 6. HP: 29/55 MP: 6/6
  2189 | D:6      | Reached skill level 5 in Long Blades
  2191 | D:6      | Slain by a gnoll

Levels and vault maps discovered:
D:1:      grunt_arrival_crossed_arrows, layout_basic
D:2:      layout_basic, chequers_ecumenical_altar_simple_redux, uniq_natasha,
          uniq_terence
D:3:      layout_loops_ring
D:5:      layout_gridville, first_ration, serial_shops,
          nicolae_shop_behind_doors
D:6:      layout_loops_cross, uniq_crazy_yiuf_cottage

Skill      XL: |  1  2  3  4  5  6 |
---------------+-------------------+-----
Long Blades    | 3 4 5 |  5.0
Shields        | 4 |  4.9
Armour         | 4 |  4.9
Fighting       | |  2.6

Action                   |  1- 3 |  4- 6 || total
-------------------------+-------+-------++-------
Melee: Long sword        |    97 |   134 ||   231
 Abil: Heal Wounds       |       |     2 ||     2
  Use: Scroll            |     5 |     1 ||     6
       Potion            |     1 |       ||     1
  Eat: Chunk             |     1 |     3 ||     4
Armor: Scale mail        |    39 |     4 ||    43
       Chain mail        |       |    55 ||    55
Dodge: Dodged            |    43 |    19 ||    62
Block: Shield            |    51 |    71 ||   122
       Rpst.: Long sword |    17 |     5 ||    22

Table legend:
 A = Non-vault XP
 B = Vault XP
 C = Vault XP percentage of total XP
 D = Non-vault monster count
 E = Vault monster count
 F = Vault count percentage of total count
                 A         B        C        D         E       F
            +---------+---------+-------+---------+---------+-------
      Total |     465 |      71 |  13.2 |      50 |       2 |   3.8
            +---------+---------+-------+---------+---------+-------
        D:1 |      64 |       0 |   0.0 |      24 |       0 |   0.0
        D:2 |     142 |      71 |  33.3 |      16 |       2 |  11.1
        D:6 |     259 |       0 |   0.0 |      10 |       0 |   0.0
            +---------+---------+-------+---------+---------+-------
